 Dungeon Crawl Stone Soup version 0.26.0-10-g1f06aea511 (webtiles) character file.

Game seed: 9747641999484860842

6748 Arthanis the Arsonist (level 10, -5/53 HPs)
             Began as a Deep Elf Fire Elementalist on Jan 19, 2021.
             Was a Follower of Vehumet.
             Slain by a shadow (25 damage)
             ... on level 2 of the Abyss.
             The game lasted 00:18:54 (10219 turns).

Arthanis the Arsonist (Deep Elf Fire Elementalist) Turns: 10219, Time: 00:18:55

Health: -5/53      AC:  5    Str:  5    XL:     10   Next: 75%
Magic:  35/35      EV: 14    Int: 30    God:    Vehumet [*.....]
Gold:   591        SH:  0    Dex: 15    Spells: 15/29 levels left

rFire    + . .     SeeInvis .   G - staff of air
rCold    . . .     Faith    .   (no shield)
rNeg     . . .     Spirit   .   I - +2 robe {rF+}
rPois    .         Reflect  .   (no helmet)
rElec    +         Harm     .   (no cloak)
rCorr    .         Rampage  .   (no gloves)
Will     +....                  f - +0 pair of boots
Stlth    +++.......             p - amulet of regeneration
HPRegen  0.57/turn              Q - +6 ring of intelligence
MPRegen  0.24/turn              M - ring of magical power

@: about to teleport
A: no striking features
a: Renounce Religion


You were on level 2 of the Abyss.
You worshipped Vehumet.
Vehumet was aware of your devotion.
You visited 2 branches of the dungeon, and saw 10 of its levels.
You visited the Abyss 1 time.
You also visited: Bailey.

You collected 591 gold pieces.

Inventory:

Hand Weapons
 j - a +0 dagger
 r - a +0 trident
 s - a +2 dagger of speed
 x - a +0 short sword of electrocution
 E - the +2 halberd "Giant's Regret" {flame, rF++, unknown}
   (You found it on level 9 of the Dungeon)

   It has been specially enchanted to burn those struck by it, causing extra
   injury to most foes and up to half again as much damage against particularly
   susceptible opponents.
   Big, fiery blades are also staple armaments of hydra-hunters.
   It greatly protects you from fire.
Armour
 a - a +0 robe
 f - a +0 pair of boots (worn)
 I - a +2 robe of fire resistance (worn)
Magical Staves
 G - an uncursed staff of air (weapon)
Jewellery
 d - an uncursed ring of wizardry
 n - an uncursed ring of see invisible
 p - an amulet of regeneration (around neck)
 v - an uncursed ring of willpower
 z - a +4 ring of protection
 A - a +4 ring of protection
 B - an uncursed ring of willpower
 C - an uncursed ring of willpower
 J - an uncursed ring of ice
 M - a ring of magical power (right hand)
 Q - a +6 ring of intelligence (left hand)
 S - an uncursed ring of fire
Wands
 i - a wand of random effects (16)
 R - a wand of flame (22)
 T - a wand of polymorph (8)
Scrolls
 g - 8 scrolls of enchant armour
 h - 3 scrolls of remove curse
 m - 3 scrolls of amnesia
 t - 3 scrolls of teleportation
 u - 5 scrolls of enchant weapon
 w - a scroll of fog
 y - a scroll of immolation {unknown}
 H - a scroll of acquirement {unknown}
 L - 2 scrolls of fear
 U - a scroll of brand weapon {unknown}
 V - a scroll of summoning {unknown}
 W - a scroll of blinking
Potions
 b - 2 potions of brilliance {unknown}
 c - 3 potions of heal wounds
 e - 3 potions of resistance
 k - 3 potions of lignification {unknown}
 l - a potion of flight {unknown}
 o - 3 potions of curing
 q - 4 potions of haste {unknown}
 D - 2 potions of might {unknown}
 F - a potion of degeneration {unknown}
 K - 3 potions of invisibility {unknown}
 N - 2 potions of magic {unknown}
 O - 3 potions of berserk rage {unknown}
 P - 2 potions of attraction {unknown}


   Skills:
 - Level 2.0 Fighting
 - Level 4.0 Dodging
 + Level 5.0 Stealth
 - Level 10.4 Spellcasting
 - Level 8.6 Conjurations
 - Level 12.2 Fire Magic
 - Level 2.1 Evocations


You had 15 spell levels left.
You knew the following spells:

 Your Spells              Type           Power        Failure   Level
a - Foxfire               Conj/Fire      100%         1%          1
b - Conjure Flame         Conj/Fire      67%          1%          3
c - Sticky Flame          Conj/Fire      67%          1%          4
d - Fireball              Conj/Fire      33%          1%          5
e - Shock                 Conj/Air       100%         1%          1

Your spell library contained the following spells:

 Spells                   Type           Power        Failure   Level
 Searing Ray              Conj           100%         1%          2
 Inner Flame              Hex/Fire       51%          1%          3
 Animate Skeleton         Necr           30%          3%          1
 Apportation              Tloc           30%          3%          1
 Corona                   Hex            16%          3%          1
 Summon Small Mammal      Summ           60%          3%          1


Dungeon Overview and Level Annotations

Branches:
Dungeon (9/15)             Temple (1/1) D:7          Bailey (visited)
   Lair: D:8-11         Orc: D:9-12

Altars:
Ashenzari
Cheibriados
Dithmenos
Fedhas
Gozag
Hepliaklqana
Kikubaaqudgha
Makhleb
Nemelex Xobeh
Okawaru
Qazlal
Ru
Sif Muna
Trog
Uskayaw
Vehumet
Wu Jian
Xom
Yredelemnul
Zin
The Shining One

Shops:
D:6 (

Annotations:
D:9 Erolcha, Grum


Message History

The shock serpent zombie burns!
A shadow comes into view.
Found a leatherbound book.
The shock serpent zombie burns!
The shock serpent zombie burns!
The shock serpent zombie bites you!
The shock serpent zombie burns!
The shock serpent zombie burns!
The shadow barely misses you.
The shock serpent zombie burns!
The shadow slips into darkness.
The shadow flickers and vanishes!
Deactivating autopickup; reactivate with Ctrl-A.
The shock serpent zombie bites you!
The shock serpent zombie burns!
The shock serpent zombie burns!
You destroy the shock serpent zombie!
Vehumet accepts your kill.
Vehumet offers you knowledge of Searing Ray.
Your Stealth skill gained 2 levels and is now at level 5!
The shadow strikes at you from the darkness!
You die...

...#
......
....
.####..#.
##.#.# .
#..#.. #
.# ## ###.
#.###.# #
#.#..##..#
#. ##.##.#
.:. #....#
.#.
####.### .
#..@.# ##
#..###
#.#..
#.### #. .
#


There were no monsters in sight!

Vanquished Creatures
  2 two-headed ogres
  4 orc knights (Bailey)
  A shock serpent zombie (Abyss:2)
  A troll (D:9)
  A hornet zombie (D:8)
  A water moccasin (D:6)
  A small abomination (Abyss:2)
  A black bear (D:8)
  An ice beast (D:7)
  7 orc warriors (Bailey)
  A necrophage (D:8)
  3 centaurs
  2 wolves (D:9)
  An ogre (D:4)
  Blork the orc (D:4)
  2 bullfrogs (D:6)
  A wyvern zombie (D:7)
  A water moccasin zombie (D:8)
  2 scorpions
  5 wights (D:8)
  2 howler monkeys
  A bullfrog zombie (D:5)
  A hound (D:7)
  A jelly (D:6)
  2 orc priests (D:3)
  6 orc wizards
  2 iguanas
  3 worker ants
  A hound zombie (D:7)
  A mummy (D:8)
  A worker ant zombie (D:5)
  A gnoll (D:1)
  A howler monkey skeleton (D:4)
  12 adders
  A shadow imp (D:8)
  3 white imps
  An ufetubus (D:5)
  An ooze (D:1)
  An adder skeleton (D:6)
  3 worms
  A leopard gecko (D:7)
  61 orcs
  3 ball pythons
  3 bats
  6 giant cockroaches
  9 goblins
  7 hobgoblins
  6 jackals
  11 kobolds
  6 quokkas
  5 frilled lizards
  A jackal zombie (D:5)
  A quokka skeleton (D:7)
  A quokka zombie (D:5)
  6 rats
211 creatures vanquished.

Vanquished Creatures (others)
  879 foxfires
  A plant (Abyss:2)
  2 starspawn tentacles (Abyss:2)
882 creatures vanquished.

Grand Total: 1093 creatures vanquished

Notes
Turn   | Place    | Note
-------+----------+-------------------------------------------
     0 | D:1      | Arthanis the Deep Elf Fire Elementalist began the quest for
                  | the Orb.
     0 | D:1      | Reached XP level 1. HP: 10/10 MP: 6/6
   212 | D:1      | Reached XP level 2. HP: 15/15 MP: 4/8
   293 | D:1      | Found a sparkling altar of Nemelex Xobeh.
   651 | D:1      | Reached skill level 4 in Fire Magic
   651 | D:1      | Reached XP level 3. HP: 19/19 MP: 5/10
   655 | D:1      | Learned a level 3 spell: Conjure Flame
  1690 | D:2      | Found an opulent altar of Gozag.
  1909 | D:2      | Found a glowing silver altar of Zin.
  1919 | D:2      | Reached XP level 4. HP: 23/24 MP: 5/11
  1924 | D:2      | Learned a level 4 spell: Sticky Flame
  2635 | D:3      | Reached skill level 5 in Fire Magic
  2666 | D:3      | Reached XP level 5. HP: 28/28 MP: 6/13
  2873 | D:3      | Learned a level 5 spell: Fireball
  2974 | D:3      | Reached XP level 6. HP: 30/32 MP: 0/15
  3085 | D:3      | Found a broken altar of Ashenzari.
  3777 | D:3      | Reached skill level 5 in Spellcasting
  4396 | D:4      | Reached skill level 6 in Fire Magic
  4427 | D:4      | Found an iron altar of Okawaru.
  4551 | D:4      | Found an ancient bone altar of Kikubaaqudgha.
  4847 | D:4      | Found a shimmering blue altar of Sif Muna.
  5033 | D:5      | Entered Level 5 of the Dungeon
  5190 | D:5      | Reached XP level 7. HP: 36/36 MP: 11/17
  5293 | D:5      | Noticed Blork the orc
  5584 | D:5      | Reached skill level 7 in Fire Magic
  5767 | D:4      | Killed Blork the orc
  6105 | D:6      | Found Wofeis's Weapon Boutique.
  6431 | D:6      | Found a shadowy altar of Dithmenos.
  6458 | D:6      | Reached skill level 5 in Conjurations
  6521 | D:6      | Reached XP level 8. HP: 41/41 MP: 13/19
  6616 | D:6      | Found an ornate altar of the Wu Jian Council.
  6640 | D:6      | Found a bloodstained altar of Trog.
  6661 | D:6      | Reached skill level 8 in Fire Magic
  7621 | D:7      | Reached skill level 9 in Fire Magic
  7765 | D:7      | Found a staircase to the Ecumenical Temple.
  7770 | Temple   | Entered the Ecumenical Temple
  7801 | Temple   | Became a worshipper of Vehumet
  8178 | D:8      | Noticed a two-headed ogre
  8187 | D:8      | Killed a two-headed ogre
  8188 | D:8      | Reached skill level 1 in Fighting
  8188 | D:8      | Reached skill level 1 in Evocations
  8188 | D:8      | Reached XP level 9. HP: 48/48 MP: 23/23
  8625 | D:8      | Reached skill level 10 in Fire Magic
  8858 | D:8      | Found a snail-covered altar of Cheibriados.
  9093 | D:9      | Noticed a troll
  9148 | D:9      | Killed a troll
  9244 | D:9      | Found a flagged portal.
  9246 | D:9      | Noticed a two-headed ogre
  9250 | D:9      | Killed a two-headed ogre
  9255 | D:9      | Got a scorched halberd
  9322 | Bailey   | Entered a bailey
  9329 | Bailey   | Reached * piety under Vehumet
  9329 | Bailey   | Offered knowledge of Shock by Vehumet.
  9333 | Bailey   | Learned a level 1 spell: Shock
  9427 | Bailey   | Reached skill level 11 in Fire Magic
  9427 | Bailey   | Reached XP level 10. HP: 53/53 MP: 25/25
  9699 | Bailey   | Noticed an orc knight
  9699 | Bailey   | Noticed an orc knight
  9730 | Bailey   | Killed an orc knight
  9731 | Bailey   | Killed an orc knight
  9732 | Bailey   | Reached skill level 10 in Spellcasting
  9736 | Bailey   | Noticed an orc knight
  9744 | Bailey   | Killed an orc knight
  9938 | Bailey   | Noticed an orc knight
  9945 | Bailey   | Killed an orc knight
  9946 | Bailey   | Reached skill level 12 in Fire Magic
 10059 | D:9      | Noticed Grum
 10060 | D:9      | Noticed Erolcha
 10063 | D:9      | Cast into level 2 of the Abyss (Erolcha)
 10088 | Abyss:2  | Noticed a death knight
 10105 | Abyss:2  | Noticed a tentacled starspawn
 10178 | Abyss:2  | Noticed a starcursed mass
 10200 | Abyss:2  | Noticed an Executioner
 10217 | Abyss:2  | Offered knowledge of Searing Ray by Vehumet.
 10218 | Abyss:2  | Reached skill level 5 in Stealth
 10219 | Abyss:2  | Slain by a shadow

Illustrated notes

Levels and vault maps discovered:
D:1:      onia_arrival_mini_spirals, layout_basic, nemelex_diamond_rough_becter
D:2:      layout_loops_ring, lemuel_crystal_altar, lemuel_round_altar
D:3:      layout_basic, nicolae_ashenzari_panopticon
D:4:      layout_loops_ring, okawaru_ov_weapons_minmay, lemuel_crystal_altar,
          kiku_gazebo_pond_becter, minmay_stone_trees_small,
          chequers_serial_rivers_room_b
D:5:      layout_basic, uniq_blork_the_orc
D:6:      layout_loops_ring, overflow_temple_1_default, kennysheep_mini,
          grunt_dithmenos_smoke_and_mirrors, serial_shops, shop_statue
D:7:      layout_rooms, minmay_temple_entry_nine_rooms
D:8:      layout_basic, slow_altar_2
D:9:      lemuel_insect_pit, layout_loops_ring, enter_bailey_2, uniq_grum,
          uniq_erolcha
Temple:   minmay_temple_bridge_abc
Abyss:2:  base: D:6, base: D:6, abyss_greek_temple, abyss_greek_temple,
          hangedman_decor_riveting

Skill      XL: |  1  2  3  4  5  6  7  8  9 10 |
---------------+-------------------------------+-----
Fire Magic     | 4 5 6 7 9 11 12 | 12.2
Conjurations   | 2 3 4 5 6 7 8 |  8.6
Spellcasting   | 4 5 6 8 9 10 | 10.4
Fighting       | 1 2 |  2.0
Dodging        | 3 4 |  4.0
Stealth        | 3 5 |  5.0
Evocations     | 1 2 |  2.1

Action                   |  1- 3 |  4- 6 |  7- 9 | 10-12 || total
-------------------------+-------+-------+-------+-------++-------
Melee: Unarmed           |     2 |       |       |       ||     2
       Short sword       |       |     6 |       |       ||     6
       Staff             |       |       |     6 |       ||     6
 Cast: Foxfire           |    86 |   199 |   266 |     3 ||   554
       Sticky Flame      |       |     1 |     9 |     1 ||    11
       Conjure Flame     |       |       |     6 |     2 ||     8
       Fireball          |       |       |    11 |    23 ||    34
Evoke: Wand              |       |       |       |     5 ||     5
  Use: Scroll            |       |     1 |    14 |     2 ||    17
 Stab: Sleeping          |       |     1 |       |       ||     1
Armor: Robe              |     1 |     8 |    13 |     1 ||    23
Dodge: Dodged            |     6 |    20 |    26 |     4 ||    56
